[Event "*** Titled Tuesday Blitz"]
[Site "Chess.com"]
[Date "2020.12.29"]
[Round "11"]
[White "KarstenHansch"]
[Black "tsaruk_maks"]
[Result "0-1"]
[WhiteElo "2463"]
[BlackElo "2588"]
[TimeControl "180+1"]
[EndTime "12:07:06 PST"]
[Termination "tsaruk_maks won by resignation"]

1. e4 e5 2. Nf3 Nc6 3. Bb5 a6 4.
Ba4 Nf6 5. O-O Be7 6. Re1 b5 7.
Bb3 O-O 8. a4 Bb7 9. d3 d6 10.
c3 Na5 11. Bc2 c5 12. axb5 axb5 13. b4 cxb4 14. cxb4 Nc6 15. Rxa8 Qxa8 16. Bd2 d5 17. exd5 Nxd5 18. Nxe5 Bxb4 19. Bb3 Nxe5 20. Rxe5 Bd6 21. Rh5 g6 22. Rh4 b4 23. Qg4 Qa1 24. Qd1 Rd8 25. Nc3 Qxd1+ 26. Nxd1 Be7 27. Rd4 Bc5 28. Bxd5 Bxd5 29.
Rf4 b3 30. Bc3 Be6 31. Nb2 Rc8 32. Na4 Ba3 33. h4 Bd7 34. Bb2 Bxb2 35. Nxb2 Rc2 36. Nc4 b2 37. Nxb2 Rxb2 38. Rd4 Be6 39. h5 Kg7 40. hxg6 hxg6 41. g4 Kf6 42. Kg2 g5 43.
Kg3 Rb3 44. Kf3 Ke7 45. Ke3 Rb1 46. f4 gxf4+ 47. Kxf4 Kf6 48. g5+ Kg6 49. Ra4 Rf1+ 50. Kg3 Kxg5 51. d4 Rd1 52. Kf3 Rd3+ 53. Ke4 Bf5+ 54.
Ke5 Re3+ 55. Kd5 Be4+ 56. Kc5 f5 57. d5 Rd3 58. Ra1 Rxd5+ 59. Kc4 f4 60. Rg1+ Kf5 61.
Rg8 f3 62. Rf8+ Kg4 63. Re8 Kf4 64. Rf8+ Ke3 65. Kc3 f2 66. Kc4 Rd1 0-1

[Event "*** Titled Tuesday Blitz"]
[Site "Chess.com"]
[Date "2020.12.29"]
[Round "11"]
[White "PavelChernomordik"]
[Black "djano"]
[Result "1/2-1/2"]
[WhiteElo "2319"]
[BlackElo "2451"]
[TimeControl "180+1"]
[EndTime "12:07:07 PST"]
[Termination "Game drawn - insufficient material"]

1. e4 c5 2. Nc3 g6 3. f4 Bg7 4. Nf3 Nc6 5. Bb5 Nd4 6. Bc4 e6 7. e5 d5 8. Nxd4 cxd4 9. Bb5+ Kf8 10. Ne2 Qb6 11. Bd3 Ne7 12. O-O h5 13. b3 f6 14.
Ba3 f5 15. Bd6 Kf7 16. Qe1 Nc6 17. Qf2 Bf8 18. Bxf8 Rxf8 19. a3 Bd7 20. b4 a6 21.
Rab1 Qa7 22. b5 axb5 23. Bxb5 Qxa3 24. Bxc6 Bxc6 25. Nxd4 Rfc8 26. Qh4 Qe7 27. Qg3 Ra4 28.
c3 Ra2 29. Rf2 Rca8 30. Qe3 Be8 31. Rb6 R2a6 32. Nb5 Ra1+ 33. Rf1 Bc6 34. Nd6+ Kg8 35. Rxa1 Rxa1+ 36. Kf2 d4 37. cxd4 Rh1 38. Qg3 Kh7 39.
Qg5 Qxg5 40. fxg5 Rxh2 41. Nxb7 Rxg2+ 42. Kf1 Bf3 43. Nc5 h4 44. Rb3 Bd5 45. Rh3 Rg4 46. Kf2 Rxd4 47. Ke3 Rg4 48. Nd3 Kg7 49. Nf4 Rxg5 50.
Rxh4 Rg3+ 51. Kf2 Rf3+ 52. Ke2 Rg3 53. Nxd5 exd5 54. Rd4 Kf7 55. Rxd5 Ke6 56. Ra5 f4 57. d4 Re3+ 58. Kf2 g5 59. Ra6+ Kf5 60. Rf6+ Ke4 61. e6 Kxd4 62. Rg6 Ke4 63. Rxg5 Kd4 64. Rf5 Rxe6 65. Rxf4+ Re4 66. Rxe4+ Kxe4 1/2-1/2

[Event "*** Titled Tuesday Blitz"]
[Site "Chess.com"]
[Date "2020.12.29"]
[Round "11"]
[White "Keures"]
[Black "KhamzinOlzhas"]
[Result "0-1"]
[WhiteElo "2335"]
[BlackElo "2463"]
[TimeControl "180+1"]
[EndTime "12:07:12 PST"]
[Termination "KhamzinOlzhas won by resignation"]

1. d4 c6 2. c4 d5 3. Nc3 Nf6 4. Nf3 a6 5. cxd5 cxd5 6. Bf4 Nc6 7. e3 e6 8. a3 b5 9. b4 Bb7 10. Nd2 Nd7 11. Nb3 Nb6 12. Nc5 Bxc5 13. dxc5 Nc4 14.
Bxc4 dxc4 15. Bd6 Qf6 16. Ne4 Qg6 17. Ng3 Rd8 18. Qb1 f5 19. O-O Kf7 20. a4 h5 21.
axb5 axb5 22. Ne2 e5 23. f4 Nd4 24. Ng3 Ne2+ 25. Kf2 Nxg3 26. hxg3 h4 27. Ra7 Qxg3+ 28.
Ke2 Qxg2+ 29. Rf2 Qg4+ 30. Kf1 Rd7 31. fxe5 g6 32. Qc2 h3 33. Qd2 h2 34. Rxh2 Qf3+ 35. Qf2 Qd1+ 36. Qe1 Qxe1+ 37. Kxe1 Rxh2 38. e6+ Kxe6 39. Bxh2 Be4 40. Rxd7 Kxd7 41. Bf4 Kc6 42. Kd2 Kd5 43.
Kc3 Ke6 44. Bg5 Kf7 45. Kd4 Ke6 46.
Bf4 Bc6 47. Bg5 Kd7 48. Kc3 Ke8 49. Kd4 Kd7 50. Kc3 Bg2 51. Kd4 Ke6 52. Kc3 Ke5 53.
Bf4+ Ke4 54. Bg5 Kf3 55. Kd4 Kg4 56. Bf4 g5 57. Be5 f4 58. exf4 gxf4 59. Bd6 Bc6 60. Kc3 Kf3 61. Kd2 Ke4 62. Be7 f3 63. Ke1 Kd3 64.
Bf6 c3 65. Kf2 c2 66. Bg5 Kc3 67. Bc1 Kxb4 68. Ke3 Kxc5 69. Kf2 b4 70. Ke3 Kc4 71. Kf2 Kc3 72. Ke3 b3 73. Bd2+ Kb2 0-1

[Event "*** Titled Tuesday Blitz"]
[Site "Chess.com"]
[Date "2020.12.29"]
[Round "11"]
[White "ehrenfeld"]
[Black "Forantes"]
[Result "0-1"]
[WhiteElo "2519"]
[BlackElo "2390"]
[TimeControl "180+1"]
[EndTime "12:07:13 PST"]
[Termination "Forantes won on time"]

1. e4 c5 2. d3 g6 3. f4 Bg7 4. Nf3 Nc6 5. Be2 d6 6. O-O e5 7. c3 exf4 8. Bxf4 Nge7 9. Na3 Be6 10. Ng5 O-O 11. Nxe6 fxe6 12. Bg4 Qd7 13. Qe2 Rae8 14. Bh3 Nc8 15. Rae1 Qe7 16. Nc4 b5 17. Ne3 Ne5 18.
d4 cxd4 19. cxd4 Nc4 20. Nxc4 bxc4 21. Qxc4 Nb6 22. Qd3 Rf7 23. Be3 Ref8 24. Rxf7 Qxf7 25. b3 d5 26. e5 Nc8 27. Rf1 Qd7 28. Rxf8+ Kxf8 29.
Bg4 Ne7 30. Bf2 Qc6 31. g3 Nf5 32. Be2 Kf7 33. g4 Qc1+ 34. Kg2 Ne7 35. Be3 Qc7 36. Qd2 Kg8 37. Bd3 Qd8 38. h3 Qf8 39. Qb4 Nc6 40. Qxf8+ Kxf8 41. a3 Na5 42. Bc2 Nc6 43. b4 Ke7 44.
Kf3 Kd7 45. Ke2 a6 46. Kd3 Nb8 47. Bb3 Kc7 48. Ba4 Kb6 49. h4 a5 50. h5 axb4 51. axb4 Na6 52. Bd2 Bf8 53. Bd7 Bxb4 54. Bxe6 Bxd2 55. Kxd2 Nc7 56. Bg8 gxh5 57. gxh5 h6 58.
Ke3 Kc6 59. Kf4 Nb5 60. e6 Kd6 61. Kf5 Nxd4+ 62. Kf6 Nc6 63. Bh7 Ne7 64. Bd3 d4 65. Kf7 Nd5 66. Kg6 Nf4+ 67. Kxh6 Nxd3 68. Kg7 Nf4 69.
h6 Nxe6+ 70. Kg8 d3 71. h7 d2 72. h8=Q d1=Q 73. Qh3 Qg1+ 0-1

[Event "*** Titled Tuesday Blitz"]
[Site "Chess.com"]
[Date "2020.12.29"]
[Round "11"]
[White "Snowflake"]
[Black "Sergienko_Sergey"]
[Result "1-0"]
[WhiteElo "2429"]
[BlackElo "2296"]
[TimeControl "180+1"]
[EndTime "12:07:14 PST"]
[Termination "Snowflake won on time"]

1. g3 d5 2. f4 Nf6 3. Bg2 Bf5 4. d3 e6 5. Nh3 Be7 6. Nf2 h6 7. O-O O-O 8. Nc3 c5 9. e4 Bh7 10. f5 Nc6 11. fxe6 fxe6 12. Bf4 d4 13. Ne2 Bd6 14. a3 g5 15. Bxd6 Qxd6 16. Kh1 Ne5 17. b3 Rf7 18.
Ng1 Raf8 19. Nf3 Nfd7 20. Nxe5 Nxe5 21. Qe2 Bg6 22. Ng4 Kg7 23. Nxe5 Qxe5 24. Kg1 h5 25. b4 b6 26. Bh3 g4 27. Bg2 Qg5 28.
Rxf7+ Rxf7 29. Rf1 e5 30. Rxf7+ Bxf7 31. Qe1 c4 32.
dxc4 Bxc4 33. Bf1 b5 34. Kg2 Qf6 35. Be2 Qc6 36. Bxc4 Qxc4 37. Qf2 d3 38. cxd3 Qxd3 39. Qxa7+ Kg6 40. Qb6+ Kg5 41. Qf2 Qxe4+ 42. Kg1 Qd3 43. Qe1 e4 44. Kf2 Kf5 45. Qc1 Qd4+ 46. Qe3 Qb2+ 47. Kf1 Qb1+ 48. Qe1 Qb2 49. Qf2+ Qxf2+ 50. Kxf2 Ke5 51. Ke3 Kd5 52. a4 bxa4 53. b5 a3 54. b6 a2 55. b7 a1=Q 56. b8=Q Qe1+ 57. Kf4 Qf2+ 58. Kg5 Qxh2 59. Qd8+ Kc4 60. Qc7+ Kd3 61.
Qd6+ Ke2 62. Qa6+ Kf3 63. Qa3+ e3 64. Qf8+ Ke2 65. Qa8 1-0

[Event "*** Titled Tuesday Blitz"]
[Site "Chess.com"]
[Date "2020.12.29"]
[Round "11"]
[White "Zmeeed63"]
[Black "ChessyInstinct"]
[Result "1/2-1/2"]
[WhiteElo "2317"]
[BlackElo "2472"]
[TimeControl "180+1"]
[EndTime "12:07:15 PST"]
[Termination "Game drawn by repetition"]

1. d4 d5 2. c4 c6 3. Nc3 Nf6 4. e3 e6 5. Nf3 Nbd7 6. Bd3 Bd6 7. O-O dxc4 8. Bxc4 b5 9. Bd3 O-O 10. Ne4 Nxe4 11. Bxe4 Bb7 12. Qc2 Nf6 13. Bd3 Qe7 14.
e4 e5 15. Bg5 h6 16. Bh4 Rad8 17. Rac1 Bb8 18. a4 a6 19. Qc5 Bd6 20. Qb6 Rb8 21. dxe5 Bxe5 22. Nxe5 Qxe5 23. Bg3 Qe7 24. Bxb8 Rxb8 25.
Rxc6 Qd7 26. Rd6 Qe8 27. Qd4 bxa4 28. Rd1 Nxe4 29. Bxe4 Qxe4 30. Rd8+ Rxd8 31. Qxd8+ Kh7 32. Qd3 Qxd3 33. Rxd3 Bc6 34. Rd6 Bb5 35. f3 f6 36.
Kf2 Kg6 37. Ke3 Kh7 38. Kd4 Kg6 39. Kc5 Kf7 40. Rb6 Bf1 41. g3 Be2 42. f4 g5 43.
fxg5 hxg5 44. Kb4 f5 45. Kxa4 f4 46. gxf4 gxf4 47. Rc6 f3 48. Rc1 f2 49. Ka5 Kg6 50.
b4 Kh5 51. h4 Kxh4 52. Ra1 Kg3 53. Rc1 Kf3 54. Ra1 Ke3 55. Rc1 Kd2 56. Rh1 Ke3 57. Ra1 Bb5 58. Rh1 Kf3 59. Ra1 Kg2 60. Rb1 Bd3 61. Rd1 Be2 62. Rc1 Kf3 63. Kb6 Bd3 64.
Rh1 Be2 65. Ka5 Ke3 66. Rc1 Kd2 67. Rh1 Kc2 68. Kb6 Kb3 69. Ka5 Kc3 70. Rc1+ Kd2 1/2-1/2

[Event "*** Titled Tuesday Blitz"]
[Site "Chess.com"]
[Date "2020.12.29"]
[Round "11"]
[White "DenLaz"]
[Black "Salem-AR"]
[Result "1-0"]
[WhiteElo "2841"]
[BlackElo "2912"]
[TimeControl "180+1"]
[EndTime "12:07:16 PST"]
[Termination "DenLaz won by resignation"]

1. d4 Nf6 2. c4 g6 3. g3 Bg7 4.
Bg2 d5 5. cxd5 Nxd5 6. Nf3 Nb6 7. Nc3 Nc6 8. e3 O-O 9. O-O Re8 10. h3 a5 11. Qc2 a4 12. Rd1 Bd7 13. e4 Qc8 14.
Kh2 e5 15. dxe5 Nxe5 16. Nxe5 Bxe5 17. f4 Bg7 18. e5 f6 19. exf6 Bxf6 20. Ne4 Bg7 21.
Be3 Bf5 22. Bxb6 cxb6 23. Qxc8 Rexc8 24. Nd6 Rc2 25. Nxf5 gxf5 26. Rac1 Rxb2 27. Kh1 Kh8 28. Bxb7 Rf8 29. Bd5 b5 30. Rb1 a3 31. Rbc1 b4 32.
Be6 Bc3 33. Rd7 Re2 34. Bb3 Rfe8 35. Rcd1 Re1+ 36. Rxe1 Rxe1+ 37. Kg2 Rb1 38. Ra7 Rb2+ 39. Kf3 Bd4 40. Ra8+ Kg7 41. g4 h5 42. gxf5 Rd2 43. Ke4 Bc5 44. Ra6 Be7 45. Rg6+ Kh7 46. Ra6 Kg7 47.
Ke3 Rb2 48. Kf3 Bf6 49. Ra7+ Kh6 50. Ke4 Re2+ 51. Kd5 Re3 52. Ra6 Kg7 53. Ra7+ Kf8 54. Kc6 Rc3+ 55. Kb5 Ke8 56. Ra6 Ke7 57. Re6+ Kf7 58.
Ra6+ Ke7 59. Kxb4 Rxh3 60. Re6+ Kd7 61. Rxf6 Rf3 62. Rh6 Rxf4+ 63. Bc4 h4 64. f6 Kd6 65. f7+ Ke7 66. Rh8 Kd7 67. f8=Q Rxf8 68. Rxf8 1-0

[Event "*** Titled Tuesday Blitz"]
[Site "Chess.com"]
[Date "2020.12.29"]
[Round "11"]
[White "Legendinunknown"]
[Black "rynos0411"]
[Result "1-0"]
[WhiteElo "2575"]
[BlackElo "2362"]
[TimeControl "180+1"]
[EndTime "12:07:18 PST"]
[Termination "Legendinunknown won by resignation"]

1. d4 d5 2. c4 c6 3. Nf3 Nf6 4.
Nc3 dxc4 5. a4 Bf5 6. Ne5 Nbd7 7.
Nxc4 Nb6 8. Ne5 Nbd7 9. Nd3 e6 10.
f3 Bg6 11. e4 a5 12. Be2 Be7 13. O-O O-O 14. Be3 Rc8 15. Qd2 c5 16. Rad1 cxd4 17.
Bxd4 Nb6 18. Ne5 Bb4 19. Qe3 Nbd7 20. Bb5 Nxe5 21. Bxe5 Qe7 22. Kh1 Rfd8 23. Na2 Bc5 24. Rxd8+ Rxd8 25. Qe2 Nd7 26. Bc3 b6 27. Rd1 Nf8 28.
Nc1 f6 29. Nd3 Bd4 30. Bxd4 Rxd4 31. Nf4 Rxd1+ 32. Qxd1 Bf7 33. Qg1 Qc7 34. g3 Ng6 35.
Nxg6 hxg6 36. Qd1 g5 37. Kg2 e5 38. Qd2 Kh7 39. h4 gxh4 40. gxh4 Be6 41. Kg3 Qc5 42.
Kg2 f5 43. exf5 Bxf5 44. Be8 Qc2 45. Qxc2 Bxc2 46. Kg3 Kh6 47. Bb5 Bf5 48. f4 e4 49.
Be2 Kg6 50. Kf2 Kf6 51. Ke3 Ke6 52. Kd4 Kd6 53. Bf1 Bd7 54. b3 Bc6 55. Be2 Bb7 56.
Bc4 Bc6 57. Be2 Bb7 58. Bd1 Bc6 59. Bc2 Bb7 60. Bxe4 Bc8 61. Bd3 Be6 62. Bc4 Bd7 63. Ke4 Kc5 64. f5 Kb4 65. Bd5 Kc5 66. Ke5 b5 67. axb5 Bxb5 68. Be6 Be2 69. f6 gxf6+ 70. Kxf6 Kb4 71. Kg5 a4 72. bxa4 Kxa4 73. Bg4 Bd3 74. h5 Kb5 75. Bf5 Bc4 76. h6 Bg8 77. Kg6 Kc6 78.
Kg7 1-0

[Event "*** Titled Tuesday Blitz"]
[Site "Chess.com"]
[Date "2020.12.29"]
[Round "11"]
[White "Brave_spirit12"]
[Black "Nafania1"]
[Result "1/2-1/2"]
[WhiteElo "2543"]
[BlackElo "2427"]
[TimeControl "180+1"]
[EndTime "12:07:21 PST"]
[Termination "Game drawn by agreement"]

1. e4 e6 2. d4 d5 3. exd5 exd5 4. Nc3 Nf6 5. Bd3 c5 6. dxc5 Bxc5 7. Nge2 O-O 8. O-O h6 9. Bf4 Nc6 10. a3 a6 11. b4 Ba7 12. Ng3 Bg4 13. Be2 Be6 14. Qd2 Re8 15. Rad1 Bd4 16. Na4 Ne4 17. Nxe4 dxe4 18. b5 axb5 19. Bxb5 Bf6 20. Qxd8 Rexd8 21. Nc5 Nd4 22. Nxe6 Nxe6 23. Be3 Rxa3 24. Rxd8+ Bxd8 25. Rd1 Ra8 26. g3 Bf6 27. Kg2 Rd8 28. Rb1 Nd4 29.
Ba4 b5 30. Bxd4 Rxd4 31. Bxb5 Rd2 32. Re1 Rxc2 33. Rxe4 g6 34. Bc4 Kg7 35. Bb3 Rd2 36. Rf4 Rd7 37. h4 Rd4 38. Rf3 Rd7 39. h5 gxh5 40. Kh3 Rb7 41. Bd1 Rd7 42. Be2 Rd2 43.
Re3 Rd5 44. Bf3 Re5 45. Rb3 Rf5 46. Rd3 Rc5 47. Rd7 Rf5 48. Bd5 Be5 49. f3 Rf6 50.
Kh4 Bc3 51. Kxh5 Be1 52. Kg4 Rg6+ 53. Kh3 Rxg3+ 54. Kh2 Rg5 55. Rxf7+ Kg8 56. Re7+ Rxd5 57. Rxe1 Kg7 58. Kg3 Kg6 59. Kf4 Rf5+ 60. Ke4 Rf8 61. Ra1 Kg5 62. Ra5+ Kg6 63. f4 Re8+ 64. Kf3 Rc8 65.
Ra6+ Kg7 66. Kg4 Rc5 67. f5 Rc4+ 68. Kh5 Rf4 69. Rg6+ Kf7 70. Rxh6 Rxf5+ 71. Kg4 Rf1 72. Rh3 1/2-1/2

[Event "*** Titled Tuesday Blitz"]
[Site "Chess.com"]
[Date "2020.12.29"]
[Round "11"]
[White "Beca95"]
[Black "hansen"]
[Result "0-1"]
[WhiteElo "2837"]
[BlackElo "2912"]
[TimeControl "180+1"]
[EndTime "12:07:24 PST"]
[Termination "hansen won by resignation"]

1. d4 Nf6 2. Nf3 g6 3. Bg5 Bg7 4. c3 O-O 5. Nbd2 d6 6. e3 Qe8 7. Bc4 e5 8. O-O Nc6 9. b4 h6 10. Bh4 Bf5 11. h3 Ne4 12. Nxe4 Bxe4 13. a4 Kh7 14. Nd2 Bf5 15. b5 Na5 16. Be2 Be6 17. f4 exf4 18. exf4 Bd5 19. Bf2 Qe6 20. Re1 Qf5 21.
c4 Be6 22. Ra3 Rfe8 23. Rf3 Qf6 24. g4 d5 25. c5 Bd7 26. Bd3 Rxe1+ 27. Qxe1 Re8 28.
Qd1 a6 29. f5 g5 30. Kg2 Kg8 31. Re3 Ra8 32. Qe2 Bf8 33. Re5 axb5 34. axb5 Rd8 35. h4 c6 36. hxg5 hxg5 37. b6 Ra8 38. Nf3 Bg7 39. Be3 Qd8 40. Bd2 Nc4 41. Bxc4 dxc4 42. Qxc4 Bxe5 43. dxe5 Be8 44. Bxg5 Ra2+ 45. Kg3 Qd5 46. Qxd5 cxd5 47. Be7 Rc2 48. e6 fxe6 49. fxe6 Rc3 50. Kf4 Kg7 51. Nd4 Kg6 52. Ke5 Re3+ 53. Kd6 Rd3 54. Nf5 d4 55. Bh4 Rd1 56. Ne7+ Kh7 57.
Nd5 Bc6 58. Nf6+ Kg6 59. e7 d3 60. Bf2 Rf1 61. e8=Q+ Bxe8 62. Nxe8 d2 63. c6 d1=Q+ 64.
Kc7 Rxf2 65. cxb7 Rf7+ 66. Kb8 Qd7 67. Nc7 Qc6 68. Ka7 Rxc7 69. bxc7 Qxc7 70. Ka8 Qa5+ 71. Kb8 Kf7 72. Kc8 Qc5+ 73. Kb8 Ke7 74. g5 Kd7 75. g6 Kc6 76. g7 Kb6 77. Ka8 Qa3+ 78. Kb8 Qa7+ 79. Kc8 Qxb7+ 80. Kd8 Qxg7 81. Ke8 Kc6 0-1

[Event "*** Titled Tuesday Blitz"]
[Site "Chess.com"]
[Date "2020.12.29"]
[Round "11"]
[White "TheBigBoss04"]
[Black "KaterinaMiroshnik"]
[Result "1-0"]
[WhiteElo "2756"]
[BlackElo "2564"]
[TimeControl "180+1"]
[EndTime "12:07:26 PST"]
[Termination "TheBigBoss04 won by resignation"]

1. d4 d6 2. Nf3 Nf6 3. c4 Nbd7 4. Nc3 e5 5. Bg5 Be7 6. Qc2 O-O 7. e3 c6 8. Bd3 h6 9. Bh4 Re8 10. Be2 b6 11.
O-O Bb7 12. Rfd1 Qc7 13. Rac1 Rad8 14. b4 Qb8 15. a3 Qa8 16. Qf5 exd4 17. Nxd4 Nf8 18.
Qc2 Ng6 19. Bg3 Ne5 20. Nf5 Bf8 21. Bh4 g5 22. Bg3 c5 23. Bf1 Ne4 24. Nd5 Bxd5 25. Rxd5 Nxg3 26. hxg3 cxb4 27. axb4 Qc6 28. Rcd1 Ng6 29.
Qb2 Qc7 30. Be2 Re6 31. Bg4 Re5 32. Be2 Rxd5 33. Rxd5 Ra8 34. b5 Rd8 35. Bh5 Ne7 36. Nxe7+ Qxe7 37. Rf5 Bg7 38. Qc2 Rf8 39. Rd5 Rc8 40.
Bg4 Rc5 41. Qd3 Bf8 42. Bf5 Qf6 43. g4 Qa1+ 44. Kh2 Qc1 45. Rxc5 dxc5 46. Qd5 Qc3 47. g3 Qf6 48. Kg2 Qc3 49. Bg6 Qf6 50. Bf5 Qc3 51. Qe4 Qf6 52. Qd3 Qe7 53. Bh7+ Kh8 54. Be4 Qc7 55. Bd5 Qe7 56. Qf5 Kg7 57. Be4 Qc7 58.
Qh7+ Kf6 59. Bd5 Qd7 60. Qh8+ Bg7 61. Qg8 Kg6 62. Be4+ Kf6 63. Bd5 Kg6 64. Kh3 Kf6 65.
Qh7 Qc7 66. Qf5+ Ke7 67. Qxf7+ Kd8 68. Qg8+ Kd7 69. Qxg7+ Kc8 70. Qf8+ Kd7 71. Qf7+ Kc8 72. Qxc7+ Kxc7 73. f4 1-0

[Event "*** Titled Tuesday Blitz"]
[Site "Chess.com"]
[Date "2020.12.29"]
[Round "11"]
[White "Koalaskakistis"]
[Black "TheKingDoctor"]
[Result "1-0"]
[WhiteElo "2351"]
[BlackElo "2200"]
[TimeControl "180+1"]
[EndTime "12:07:29 PST"]
[Termination "Koalaskakistis won by checkmate"]

1. e4 d5 2. exd5 Nf6 3. g3 Nxd5 4. Bg2 e5 5. d4 exd4 6. Qxd4 c6 7. Nf3 Bb4+ 8. c3 Be7 9. O-O O-O 10. a3 Be6 11. Nbd2 Nd7 12. Ne4 N7f6 13. Neg5 Bf5 14. c4 Nb6 15. Qf4 Bg6 16. Be3 Bd6 17. Qd4 Be7 18.
b3 Qxd4 19. Nxd4 Rad8 20. a4 h6 21. Ngf3 Bb4 22. a5 Nc8 23. a6 c5 24. Nb5 bxa6 25. Rxa6 Bc2 26. Rc1 Bxb3 27. Nxa7 Nxa7 28. Rxa7 Ra8 29.
Rxa8 Rxa8 30. Nd2 Bxd2 31. Bxd2 Ra2 32. Be3 Rc2 33. Rxc2 Bxc2 34. Bxc5 Ne4 35. Bd4 Nd2 36. c5 Nb3 37. Be3 Bf5 38. c6 Bc8 39. c7 Kf8 40.
Bd5 Na5 41. Bb6 Nb7 42. Bd4 f6 43. Kg2 Ke7 44. h4 Kd7 45. Bb6 Nd6 46. Bf3 Ke7 47. h5 Ne8 48. Bc6 Nd6 49. Kf3 Ke6 50. Kf4 Ke7 51.
Bc5 Ke6 52. Be4 Nxe4 53. Kxe4 Kd7 54. Bf8 Kxc7 55. Bxg7 Bb7+ 56. Kf4 Kd7 57. Bxf6 Ke6 58. Bg7 Kf7 59. Bxh6 Kg8 60. Bg5 Kh7 61. g4 Bc8 62. f3 Bb7 63. Bf6 Bc6 64. g5 Be8 65. Kg4 Bd7+ 66. Kh4 Kg8 67. f4 Kh7 68. g6+ Kg8 69. Kg5 Be8 70. f5 Bd7 71. h6 Be8 72. h7+ Kf8 73.
h8=Q# 1-0

[Event "*** Titled Tuesday Blitz"]
[Site "Chess.com"]
[Date "2020.12.29"]
[Round "11"]
[White "biostatistician"]
[Black "Rytenko_V"]
[Result "1-0"]
[WhiteElo "2602"]
[BlackElo "2422"]
[TimeControl "180+1"]
[EndTime "12:07:32 PST"]
[Termination "biostatistician won on time"]

1. d4 d5 2. c4 c6 3. cxd5 cxd5 4. Nc3 Nc6 5. Nf3 Nf6 6. Bf4 Bf5 7. e3 e6 8. Qb3 Qb6 9. Qxb6 axb6 10. Bb5 Be7 11. Ne5 Rc8 12. Nxc6 bxc6 13. Ba6 Rd8 14. Bc7 Rd7 15. Bxb6 O-O 16. a4 Bb4 17. Ke2 Ra8 18. Bd3 Rb7 19. Bxf5 exf5 20. a5 Nd7 21. Rhc1 g6 22.
Na4 Bxa5 23. Bxa5 Rxa5 24. Rxc6 Rb4 25. b3 Rxb3 26. Rc2 Nb6 27. Nc5 Rba3 28. Rxa3 Rxa3 29. Nd3 Nc4 30. Nf4 Ra5 31. Nxd5 Na3 32. Rc5 Ra6 33.
Nf4 Kg7 34. h4 Nb1 35. Rc2 Rb6 36. Kf3 Na3 37. Ra2 Nc4 38. Rc2 Nd6 39. Nd5 Ra6 40.
Nf4 Ne4 41. Ke2 Ra1 42. f3 Nd6 43. Kf2 Ra3 44. Re2 h6 45. Nd5 Ra5 46. Nc3 Ra3 47.
Nd5 Ra5 48. Nf4 Ra3 49. Nh3 Nc4 50. e4 fxe4 51. fxe4 Nd6 52. d5 Ra5 53. Kf3 Kf6 54. Nf4 Ke7 55. Re3 Kd7 56. h5 g5 57. Nd3 Ra1 58.
Ne5+ Ke7 59. Nc6+ Kd7 60. e5 Nc4 61. Rc3 Nb6 62. Nb4 Rb1 63. e6+ fxe6 64. dxe6+ Ke7 65. Nc6+ Kf6 66. Nd4 Nd5 67. Rc6 Ne7 68. Rc7 Rb4 69. Ke4 1-0

[Event "*** Titled Tuesday Blitz"]
[Site "Chess.com"]
[Date "2020.12.29"]
[Round "11"]
[White "Jenia84"]
[Black "TomasKapitanchuk"]
[Result "1/2-1/2"]
[WhiteElo "2368"]
[BlackElo "2471"]
[TimeControl "180+1"]
[EndTime "12:07:36 PST"]
[Termination "Game drawn - insufficient material"]

1. Nf3 Nf6 2. b3 e6 3. Bb2 Be7 4. e3 O-O 5. Be2 c5 6. O-O b6 7. c4 Bb7 8. Nc3 d6 9. d4 Nbd7 10. Rc1 Rc8 11. a4 cxd4 12. exd4 d5 13. Ne5 dxc4 14.
Bxc4 Nd5 15. Nxd5 exd5 16. Bd3 Nxe5 17. dxe5 Rxc1 18. Qxc1 d4 19. Qc4 Bc5 20. Rd1 Bd5 21. Qc2 Qg5 22. Bxh7+ Kh8 23. Be4 Qxe5 24. Bxd5 Qxd5 25.
Qd3 Re8 26. h3 Re4 27. Qf3 Qe6 28. Kh2 Bd6+ 29. g3 Bc5 30. b4 Bxb4 31. Bxd4 f6 32. Be3 Bf8 33. Rd8 Kg8 34. Ra8 Rxa4 35. Qb7 Ra1 36.
Rxa7 Rxa7 37. Qxa7 b5 38. Qd4 Qc4 39. Qxc4+ bxc4 40.
Bd2 Bc5 41. Kg2 Bd4 42. Kf1 Kf7 43. Ke2 Ke6 44. f3 Kd5 45. Kd1 c3 46. Bf4 Kc4 47. Kc2 Bf2 48. g4 Kd4 49. Bd6 Ke3 50. Kxc3 Kxf3 51.
Bf8 g6 52. Bg7 Bh4 53. Kd3 Kg2 54. Ke4 Kxh3 55. Kf3 Bg5 56. Bf8 Kh2 57. Bd6+ Kg1 58.
Be7 Kf1 59. Bd6 Ke1 60. Be7 Kd2 61. Bc5 Kd3 62. Be7 Kd4 63. Bd6 Kd5 64. Bg3 Ke6 65. Bf2 Bc1 66. Be1 g5 67. Bg3 Bb2 68. Bf2 f5 69.
gxf5+ Kxf5 70. Be3 g4+ 71. Kg2 Be5 72. Bf2 Kg6 73.
Be1 Kf5 74. Bf2 Ke4 75. Be1 Ke3 76. Bf2+ Ke2 77. Bg3 Bd4 78. Bf4 Bf2 79. Bg3 Be3 80. Be5 Bf2 81. Bg3 Be1 82. Bxe1 Kxe1 83. Kg3 Ke2 84. Kxg4 1/2-1/2

[Event "*** Titled Tuesday Blitz"]
[Site "Chess.com"]
[Date "2020.12.29"]
[Round "11"]
[White "atalz0"]
[Black "Nadeev_Sergey"]
[Result "0-1"]
[WhiteElo "2380"]
[BlackElo "2477"]
[TimeControl "180+1"]
[EndTime "12:07:37 PST"]
[Termination "Nadeev_Sergey won on time"]

1. d4 Nf6 2. c4 e6 3. Nc3 Bb4 4. Qc2 c5 5. dxc5 Qa5 6. Bd2 Nc6 7. Nf3 Qxc5 8. e3 d5 9. a3 Bxc3 10. Bxc3 dxc4 11. Bxf6 gxf6 12. Bxc4 Bd7 13. O-O Rc8 14. Rfc1 Ke7 15. b4 Qh5 16. Qe2 Rhg8 17. g3 Ne5 18. Nxe5 Qxe2 19. Bxe2 fxe5 20. Bf3 b6 21. Kf1 Bb5+ 22.
Ke1 Bd3 23. Kd2 Bc4 24. Rc3 Rgd8+ 25. Kc2 Bd3+ 26. Kb2 Rxc3 27. Kxc3 e4 28. Bd1 Rc8+ 29.
Kd2 Kd6 30. Rc1 Rxc1 31. Kxc1 f5 32. Kd2 Bb5 33. Kc3 e5 34. Bb3 Be8 35. Bg8 h6 36. Bh7 Bd7 37. Kc4 Kc6 38. a4 Be6+ 39. Kc3 a5 40. Bg6 Kd5 41. Be8 Kd6 42. Bb5 Bc8 43. Bf1 Bd7 44. Bh3 Ke6 45. Kc4 Bxa4 46. bxa5 bxa5 47. g4 fxg4 48. Bxg4+ Kd6 49. Bf5 Bc6 50. Bg6 a4 51. Kb4 Ke6 52. Bh7 Kf7 53. Bf5 Kf6 54. Bc8 Kg5 55. Bh3 Kh4 56. Bf5 Kg5 57. Bh3 Kf6 58. Bg4 Ke7 59. Bh3 Kd6 60. Bg4 Be8 61.
Bd1 Bd7 62. Bc2 Kd5 63. Bd1 a3 64. Kxa3 Kc4 65. Kb2 Kd3 66. Kc1 Bf5 67. Bh5 Kc3 68. Kd1 Bh3 69. Ke2 Bg2 70. Bg4 Kc2 71. Bh5 Bh3 72.
Ke1 Kd3 73. Be2+ Kc3 74. Bh5 Kc4 75. Bg6 Bg2 76. Bh5 Bf3 77. Kd2 Bxh5 0-1

[Event "*** Titled Tuesday Blitz"]
[Site "Chess.com"]
[Date "2020.12.29"]
[Round "11"]
[White "vinniethepooh"]
[Black "NeverW84M8"]
[Result "0-1"]
[WhiteElo "2682"]
[BlackElo "2545"]
[TimeControl "180+1"]
[EndTime "12:07:38 PST"]
[Termination "NeverW84M8 won by resignation"]

1. d4 Nf6 2. c4 c5 3. d5 e6 4.
Nc3 exd5 5. cxd5 d6 6. e4 g6 7. Be2 Bg7 8. Be3 a6 9. a4 O-O 10. Nf3 Bg4 11. Nd2 Bxe2 12. Qxe2 Re8 13. O-O Nbd7 14.
h3 Rb8 15. Bf4 Ne5 16. Bh2 b5 17. axb5 axb5 18. Nxb5 Qb6 19. Na3 Qxb2 20. Rfb1 Qd4 21. Bxe5 Rxb1+ 22. Rxb1 Qxe5 23. Qd3 Nxe4 24. Nac4 Qd4 25.
Qxd4 Bxd4 26. Nxe4 Rxe4 27. Nxd6 Re2 28. Rb8+ Kg7 29. Ne8+ Kh6 30. d6 Rxf2 31. Rc8 Rd2+ 32. Kf1 Be5 33. Rxc5 Bxd6 34. Nxd6 Rxd6 35. Kf2 Rd7 36.
Kf3 f5 37. Rc6 Kg5 38. Rc4 Rd3+ 39. Kf2 h6 40. Rb4 Ra3 41. Rc4 Ra2+ 42. Kg3 Ra3+ 43. Kf2 f4 44. Rc5+ Kh4 45. Rc6 Kh5 46. Rc5+ g5 47.
Rc6 Ra2+ 48. Kf3 Ra1 49. Kf2 Ra3 50. Rd6 Ra8 51. Re6 Rg8 52. Rc6 Rg6 53. Rc5 Re6 54. Rc8 Kh4 55. Rg8 Ra6 56. Rh8 h5 57. Rg8 Ra2+ 58. Kf3 Ra3+ 59. Kf2 Rg3 60. Rg7 f3 61. gxf3 Rxh3 62. Ke3 g4 63. Rf7 g3 64.
Rg7 Rh2 65. f4 Rf2 66. Ke4 Kh3 67. Ke3 h4 68. Rg5 Rf1 69. Ke2 g2 70. f5 g1=Q 71. Rxg1 Rxg1 72. f6 Rg8 73. Ke3 Rf8 74. Kf4 Rxf6+ 75.
Kg5 Kg3 76. Kxf6 h3 77. Ke5 h2 78. Kd4 h1=Q 79. Ke3 Qd5 80. Ke2 Qb3 81. Kd2 Kf3 82. Kc1 Qa2 83. Kd1 Ke3 84. Kc1 Qa1+ 85. Kc2 Qa3 86.
Kb1 Qd3+ 87. Kb2 Qc4 88. Ka3 Qb5 89. Ka2 Kd3 90. Ka3 Kc3 0-1

[Event "*** Titled Tuesday Blitz"]
[Site "Chess.com"]
[Date "2020.12.29"]
[Round "11"]
[White "RobertoJBM"]
[Black "ferdipy"]
[Result "1-0"]
[WhiteElo "2667"]
[BlackElo "2209"]
[TimeControl "180+1"]
[EndTime "12:07:46 PST"]
[Termination "RobertoJBM won on time"]

1. g4 c5 2. Bg2 Nc6 3. d3 g6 4. h3 Bg7 5. Nc3 e5 6. e4 Nge7 7. Be3 d6 8. Qd2 Nd4 9. Nce2 h6 10. c3 Ndc6 11. f4 exf4 12. Bxf4 Be6 13. Nf3 d5 14. e5 d4 15. Bg3 dxc3 16. bxc3 Nd5 17. O-O O-O 18.
Rae1 Qd7 19. Nf4 Nxf4 20. Bxf4 Kh7 21. g5 h5 22. h4 Rfd8 23. Rd1 Rac8 24. Rfe1 Bg4 25. Qe3 b6 26. Rd2 Ne7 27. Nh2 Be6 28. d4 cxd4 29. cxd4 Nd5 30. Qg3 Rc3 31. Qf2 Bh3 32.
Be4 Bf5 33. Bg2 Rdc8 34. Nf1 Nb4 35. Re3 Rxe3 36. Nxe3 Nd3 37. Qg3 Rc3 38. Nd5 Rc1+ 39. Kh2 Nxf4 40. Qxf4 Rc4 41. Ne3 Ra4 42. Nxf5 Qxf5 43.
Qxf5 gxf5 44. Kg3 Kg6 45. Kf4 Bf8 46. Bh3 Bc5 47. Bxf5+ Kg7 48. Ke4 b5 49. Kd5 Bb6 50. Bd7 Rb4 51. Bf5 a5 52. Be4 a4 53. Bf3 Rb1 54. Bxh5 Rb4 55. Be2 Rb1 56. h5 Rg1 57. g6 fxg6 58. hxg6 Rxg6 59. Bxb5 a3 60. Bc4 Rg4 61. Bb3 Kf8 62. Kc4 Ke7 63. Rd3 Rf4 64. Bd1 Bc7 65. Kc5 Bb8 66. Rxa3 Rf1 67. Be2 Re1 68.
Bc4 Rc1 69. Rh3 Bc7 70. Rh7+ Kd8 71. e6 Re1 72. d5 Be5 73. d6 Ke8 74. Bb5+ Kd8 75.
Rd7+ Kc8 76. e7 Bf6 77. Rd8+ Kb7 78. e8=Q 1-0